 Dungeon Crawl Stone Soup version 0.32-a0-913-g739538afd8 (webtiles) character file.

Game seed: 16119128077329763610

862 HilariousDeathArtist the Basher (level 7, 0/60 HPs)
             Began as a Mountain Dwarf Hexslinger on Apr 8, 2024.
             Was a Follower of the Shining One.
             Killed by divine providence
             ... invoked by an orc priest
              (10 damage)
             ... on level 6 of the Dungeon.
             The game lasted 00:04:33 (4097 turns).

HilariousDeathArtist the Basher (MDHs)              Turns: 4097, Time: 00:04:34

Health: 0/60       AC:  3    Str: 10    XL:     7   Next: 72%
Magic:  8/8        EV: 11    Int: 16    God:    the Shining One [*.....]
Gold:   259        SH:  0    Dex: 12    Spells: 8/8 levels left

rFire   . . .        a - +2 whip (venom)
rCold   . . .        (no shield)
rNeg    . . .        c - +0 robe
rPois   .            i - +0 helmet
rElec   .            (no cloak)
rCorr   .            (no gloves)
SInv    .            (no boots)
Will    .....        (no amulet)
Stlth   +            (no ring)
HPRegen 0.30/turn    (no ring)
MPRegen 0.11/turn

%: no passive effects
@: glowing
A: runic magic, artefact enchanting
a: Renounce Religion, Divine Shield


You were on level 6 of the Dungeon.
You worshipped the Shining One.
The Shining One was aware of your devotion.
You visited 1 branch of the dungeon, and saw 5 of its levels.

You collected 259 gold pieces.

Inventory:

Hand Weapons
 a - a +2 whip of venom (weapon)
   (You found it on level 1 of the Dungeon)
 b - a +1 sling
Missiles
 d - 6 javelins
 g - 2 curare-tipped darts
 s - 20 stones
Armour
 c - a +0 robe (worn)
 i - a +0 helmet (worn)
   (You found it on level 3 of the Dungeon)
Magical Staves
 k - a staff of death {rN+}
   (You found it on level 4 of the Dungeon)
Scrolls
 e - a scroll of amnesia
 h - a scroll of poison {!r}
 j - 3 scrolls of noise {!r}
 S - a scroll of summoning
Potions
 f - a potion of haste {unknown}
 J - a potion of curing {@q1}


   Skills:
 + Level 4.9 Fighting
 + Level 8.6 Maces & Flails
 - Level 2.2 Ranged Weapons
 - Level 1.3 Dodging
 - Level 1.0 Spellcasting
 - Level 3.0 Hexes
 - Level 1.2 Fire Magic


You had 8 spell levels left.
You didn't know any spells.
Your spell library contained the following spells:

 Spells                   Type           Power      Damage    Failure   Level
 Jinxbite                 Hex            20%        N/A       10%         2
 Sigil of Binding         Hex            10%        N/A       21%         3
 Inner Flame              Hex/Fire       7%         N/A       28%         3
 Cause Fear               Hex            5%         N/A       54%         4
 Frozen Ramparts          Ice            0%         1d1       56%         3
 Ozocubu's Armour         Ice            0%         N/A       56%         3
 Dimensional Bullseye     Hex/Tloc       2%         N/A       77%         4
 Leda's Liquefaction      Alch/Erth      0%         N/A       92%         4
 Petrify                  Alch/Erth      0%         N/A       92%         4
 Metabolic Englaciation   Hex/Ice        2%         N/A       98%         5
 Death Channel            Necr           0%         N/A       100%        6
 Sculpt Simulacrum        Ice/Alch       0%         N/A       100%        6


Dungeon Overview and Level Annotations

Branches:
Dungeon (4/15)
 Temple: D:4-7

Altars:
Dithmenos
Trog
Yredelemnul
The Shining One

Annotations:
D:2 1 runed translucent door, Crazy Yiuf
D:3 1 runed translucent door, Doorstop00's ghost, amateur GrFi


Innate Abilities, Weirdness & Mutations

Your spellcasting is much less encumbered by armour.
You can use scrolls of enchantment on lesser artefacts.


Message History

An orc wizard comes into view. It is wielding a +0 dagger of speed.
A black bear and an orc come into view.
The orc shouts!
The orc wizard shouts!
The orc priest casts a cantrip, but nothing happens.
Found a stone staircase leading up.
The orc priest mumbles some strange prayers to Beogh against you.
Beogh smites you!
You take 13 damage, and have 47/60 hp.
MASSIVE DAMAGE!!
The orc priest mumbles some strange prayers to Beogh against you.
Beogh smites you!
You take 9 damage, and have 38/60 hp.
The orc wizard attacks as it pursues you!
The orc wizard closely misses you.
You hit the orc wizard but do no damage.
The orc wizard is poisoned.
The orc wizard closely misses you.
You hit the orc wizard.
The orc wizard hits you but does no damage.
The orc wizard attacks as it pursues you!
The orc wizard barely misses you.
You hit the orc wizard but do no damage.
You barely miss the orc wizard. You hit the orc wizard.
The orc wizard closely misses you.
You hit the orc wizard.
The orc wizard looks as sick as possible!
The orc wizard hits you with a +0 dagger of speed.
You take 1 damage, and have 39/60 hp.
You hit the orc wizard.
The orc wizard looks as sick as possible!
The orc wizard hits you with a +0 dagger of speed.
You take 3 damage, and have 36/60 hp.
You hit the orc wizard but do no damage.
The orc wizard looks as sick as possible!
The orc wizard hits you with a +0 dagger of speed.
You take 1 damage, and have 35/60 hp.
You hit the orc wizard.
You kill the orc wizard!
You swing at nothing.
You hit the orc.
The orc is poisoned.
The orc barely misses you.
You whack the orc!
You kill the orc!
You swing at nothing.
You hit the black bear but do no damage.
The black bear is poisoned.
The black bear closely misses you. The black bear claws you.
The black bear claws you but does no damage.
You take 2 damage, and have 34/60 hp.
You hit the black bear.
The black bear looks as sick as possible!
You barely miss the black bear. The black bear barely misses you.
The black bear claws you. x2
You take 5 damage, and have 29/60 hp.
You barely miss the black bear.
The orc priest looks braver for a moment.
The black bear completely misses you. The black bear closely misses you. x2
You hit the black bear.
The black bear looks as sick as possible!
The black bear bites you. The black bear closely misses you.
The black bear completely misses you.
You take 4 damage, and have 25/60 hp.
Throw: 5 darts (curare)
Press: ? - help, Shift-Dir - straight line, f - orc priest, p - black bear
Aim: an orc priest, wielding a +0 flail and wearing a +0 ring mail (60% to hit)
You throw a curare-tipped dart.
The curare-tipped dart hits the black bear.
The black bear looks as sick as possible!
The black bear struggles to breathe.
The black bear seems to slow down.
You hit the black bear.
The black bear looks as sick as possible!
The black bear shakes off its lethargy.
The black bear goes berserk!
You hit the black bear but do no damage.
The orc priest looks encouraged for a moment.
The orc cheers loudly.
The black bear bites you!
* * * LOW HITPOINT WARNING * * *
The black bear claws you.
* * * LOW HITPOINT WARNING * * *
The black bear claws you but does no damage.
You take 16 damage, and have 9/60 hp.
MASSIVE DAMAGE!!
Throw: 4 darts (curare)
Press: ? - help, Shift-Dir - straight line, f/p - orc priest
Aim: an orc priest, wielding a +0 flail and wearing a +0 ring mail (60% to hit)
You throw a curare-tipped dart.
The curare-tipped dart hits the black bear.
The black bear looks as sick as possible!
The black bear struggles to breathe.
You kill the black bear!
Throw: 3 darts (curare)
Press: ? - help, Shift-Dir - straight line, f/p - orc priest
Aim: an orc priest, wielding a +0 flail and wearing a +0 ring mail (haloed, 80% to hit)
You throw a curare-tipped dart.
The curare-tipped dart hits the orc priest.
The orc priest is poisoned.
The orc priest struggles to breathe.
The orc priest seems to slow down.
The orc priest invokes the aid of Beogh against you.
Beogh smites you!
You die...

... ... ...
####.####
#####......>#
..##.##.##.###. #
#.##@##........
#.##.##o##.##.#
#...h.oo....#.#
####o##.......#
#<.o.##.......#
......h.###.....##
.#....... ##...##
......... #...#
.#.......# #...#
.# .#


You could see an orc priest (very poisoned, slow) and 2 orcs.

Vanquished Creatures
  Sigmund (D:6)
  2 black bears
  A scorpion (D:3)
  A water moccasin zombie (D:3)
  A hound (D:6)
  An iguana (D:6)
  2 orc wizards
  Natasha (thrice) (D:3)
  2 hound zombies (D:3)
  2 hound skeletons (D:3)
  3 adders
  7 gnolls
  2 adder zombies (D:3)
  A ribbon worm (D:2)
  A dart slug (D:3)
  An adder simulacrum (D:3)
  5 orcs
  3 bats
  8 endoplasms
  3 giant cockroaches
  6 goblins
  5 hobgoblins
  4 jackals (D:1)
  3 quokkas
  2 ball pythons
  2 frilled lizards
  3 kobolds (D:1)
  5 rats
80 creatures vanquished.

Notes
Turn   | Place    | Note
-------+----------+-------------------------------------------
     0 | D:1      | HilariousDeathArtist the Mountain Dwarf Hexslinger began
                  | the quest for the Orb.
     0 | D:1      | Reached XP level 1. HP: 16/16 MP: 2/2
    60 | D:1      | Reached XP level 2. HP: 18/24 MP: 3/3
   164 | D:1      | Reached skill level 2 in Ranged Weapons
   305 | D:1      | Reached skill level 2 in Fighting
   997 | D:2      | Reached XP level 3. HP: 17/30 MP: 4/4
  1059 | D:2      | Reached skill level 1 in Maces & Flails
  1320 | D:2      | Reached skill level 2 in Maces & Flails
  1418 | D:2      | Found a runed translucent door.
  1419 | D:2      | Noticed Crazy Yiuf
  1602 | D:3      | Found a glowing golden altar of the Shining One.
  1651 | D:3      | Reached skill level 3 in Maces & Flails
  1651 | D:3      | Reached XP level 4. HP: 10/37 MP: 5/5
  1652 | D:3      | HP: 9/37 [poisoned by an adder]
  1657 | D:3      | HP: 8/37 [orc/+0 dagger (1)]
  1680 | D:3      | Became a worshipper of the Shining One
  1820 | D:3      | HP: 8/37 [water moccasin zombie (7)]
  1831 | D:3      | HP: 7/37 [quokka (4)]
  2070 | D:3      | HP: 6/37 [water moccasin zombie (6)]
  2074 | D:3      | HP: 2/37 [water moccasin zombie (4)]
  2085 | D:3      | HP: 7/37 [water moccasin zombie (6)]
  2087 | D:3      | Reached skill level 4 in Maces & Flails
  2087 | D:3      | Reached XP level 5. HP: 8/42 MP: 6/6
  2221 | D:3      | Found a runed translucent door.
  2300 | D:3      | Reached skill level 5 in Maces & Flails
  2408 | D:3      | Found a shadowy altar of Dithmenos.
  2421 | D:3      | Noticed Natasha
  2427 | D:3      | Killed Natasha
  2428 | D:3      | Reached skill level 6 in Maces & Flails
  2651 | D:3      | Noticed Natasha
  2660 | D:3      | Killed Natasha
  2661 | D:3      | Reached XP level 6. HP: 39/49 MP: 7/7
  2926 | D:3      | Reached * piety under the Shining One
  3019 | D:3      | Identified the +9 dagger of the Shore {pain, ^Drain rN+
                  | Will+ SInv}
  3044 | D:3      | Found a basalt altar of Yredelemnul.
  3126 | D:3      | Noticed Doorstop00's ghost (amateur GrFi)
  3208 | D:4      | HP: 12/49 [gnoll/+0 spear (3)]
  3210 | D:3      | Noticed Natasha
  3213 | D:3      | HP: 7/49 [cerulean imp/+2 spear[Natasha] (4)]
  3216 | D:3      | Killed Natasha
  3217 | D:3      | Reached skill level 7 in Maces & Flails
  3668 | D:4      | Reached skill level 3 in Fighting
  3673 | D:4      | Reached XP level 7. HP: 49/57 MP: 8/8
  3757 | D:4      | You fall into a shaft and drop 2 floors!
  3836 | D:6      | Noticed Sigmund
  3851 | D:6      | Killed Sigmund
  3852 | D:6      | Reached skill level 4 in Fighting
  3852 | D:6      | Reached skill level 8 in Maces & Flails
  3982 | D:6      | Found a bloodstained altar of Trog.
  4095 | D:6      | HP: 14/60 [black bear (11)]
  4097 | D:6      | Killed from afar by an orc priest

Illustrated notes

Levels and vault maps discovered:
D:1:      dpeg_arrival_simpleton_c, layout_loops_ring
D:2:      layout_basic, uniq_crazy_yiuf_cottage
D:3:      layout_rooms, mainiacjoe_overflow_catwalk, old_standard_altar,
          lemuel_zombie_altar_yredelemnul, ebering_ghost_sewer_d,
          serial_bayou_pond_e, minmay_misc_feat_enclosed,
          dilly_guarded_unrand_morg
D:4:      layout_loops_corners, nemelex_xobeh_ov_fountains_minmay,
          mainiacjoe_overflow_alcove_1, minmay_misc_feat_plants
D:6:      layout_loops_cross, trog_book, st_stairs_8, minmay_misc_feat_x,
          eino_tiny_chamber, uniq_sigmund, uniq_eustachio

Skill      XL: |  1  2  3  4  5  6  7 |
---------------+----------------------+-----
Ranged Weapons | 2 |  2.2
Fighting       | 2 3 4 |  4.9
Maces & Flails | 3 4 6 7 8 |  8.6
Dodging        | |  1.3
Spellcasting   | |  1.0
Hexes          | |  3.0
Fire Magic     | |  1.2

Action                     |  1- 3 |  4- 6 |  7- 9 || total
---------------------------+-------+-------+-------++-------
  Melee: Whip              |    51 |   150 |    39 ||   240
   Fire: Sling             |    81 |       |       ||    81
  Throw: Javelin           |       |     2 |       ||     2
         Dart              |       |       |     9 ||     9
    Use: Scroll            |     3 |     2 |     1 ||     6
         Potion            |       |     4 |       ||     4
 Armour: Robe              |    69 |   121 |    23 ||   213
  Dodge: Dodged            |    66 |    98 |    19 ||   183

Table legend: (Time is in decaauts)
 A = Elapsed time spent in this place.
 B = Non-inter-level travel time spent in this place.
 C = Inter-level travel time spent in this place.
 D = Time resting spent in this place.
 E = Time spent auto-exploring this place.
 F = Levels seen in this place.
 G = Mean time per level.
                   A        B        C        D        E       F      G
               +--------+--------+--------+--------+--------+-----+--------+
         Total |   4088 |   3894 |    194 |      0 |   3250 |   5 |  817.6 |
       Dungeon |   4088 |   3894 |    194 |      0 |   3250 |   5 |  817.6 |
               +--------+--------+--------+--------+--------+-----+--------+

Top non-repeatable levels by time:
     D:3: 1422 daAuts
     D:1: 971 daAuts
     D:2: 919 daAuts
     D:4: 445 daAuts
     D:6: 329 daAuts

Levels and vault maps discovered:
D:1:      dpeg_arrival_simpleton_c, layout_loops_ring
D:2:      layout_basic, uniq_crazy_yiuf_cottage
D:3:      layout_rooms, mainiacjoe_overflow_catwalk, old_standard_altar,
          lemuel_zombie_altar_yredelemnul, ebering_ghost_sewer_d,
          serial_bayou_pond_e, minmay_misc_feat_enclosed,
          dilly_guarded_unrand_morg
D:4:      layout_loops_corners, nemelex_xobeh_ov_fountains_minmay,
          mainiacjoe_overflow_alcove_1, minmay_misc_feat_plants
D:6:      layout_loops_cross, trog_book, st_stairs_8, minmay_misc_feat_x,
          eino_tiny_chamber, uniq_sigmund, uniq_eustachio

Table legend: (Time is in decaauts)
 A = Elapsed time spent in this place.
 B = Non-inter-level travel time spent in this place.
 C = Inter-level travel time spent in this place.
 D = Time resting spent in this place.
 E = Time spent auto-exploring this place.
 F = Levels seen in this place.
 G = Mean time per level.
                   A        B        C        D        E       F      G
               +--------+--------+--------+--------+--------+-----+--------+
         Total |   4088 |   3894 |    194 |      0 |   3250 |   5 |  817.6 |
       Dungeon |   4088 |   3894 |    194 |      0 |   3250 |   5 |  817.6 |
               +--------+--------+--------+--------+--------+-----+--------+

Top non-repeatable levels by time:
     D:3: 1422 daAuts
     D:1: 971 daAuts
     D:2: 919 daAuts
     D:4: 445 daAuts
     D:6: 329 daAuts

Table legend:
 A = Kills in this place as a percentage of kills in the entire game.
 B = Kills by you in this place as a percentage of kills by you in the entire game.
 C = Kills by friends in this place as a percentage of kills by friends in the entire game.
 D = Other kills in this place as a percentage of other kills in the entire game.
 E = Experience gained in this place as a percentage of experience gained in the entire game.
 F = Experience gained in this place divided by the number of levels of this place that you have seen.
                   A       B       C       D       E      F
               +-------+-------+-------+-------+-------+----------------------
         Total | 100.0 | 100.0 |   N/A |   N/A | 100.0 | 246.4
       Dungeon | 100.0 | 100.0 |   N/A |   N/A | 100.0 | 246.4
               +-------+-------+-------+-------+-------+----------------------
